 Dungeon Crawl Stone Soup version 0.30-a0-134-gb40fab5c76 (webtiles) character file.

Game seed: 3517222507733521433

41189 Angani the Basher (level 14, 113/113 HPs)
             Began as a Meteoran Chaos Knight on Aug 22, 2022.
             Was a Plaything of Xom.
             Quit the game on level 11 of the Dungeon on Sept 20, 2022.
             The game lasted 00:45:30 (7830 turns).

Angani the Basher (Meteoran Chaos Knight)           Turns: 7830, Time: 00:45:30

Health: 113/113    AC: 20    Str: 22    XL:     14   Next: 89%
Magic:  15/15      EV: 18    Int: 10    God:    Xom [...*..]
Gold:   599        SH:  5    Dex: 15    Spells: 13/13 levels left

rFire   . . .      SeeInvis .    k - +3 eveningstar (vorpal)
rCold   . . .      Faith    .    (no shield)
rNeg    . . .      Spirit   .    l - +1 leather armour {rPois}
rPois   +          Reflect  +    (no helmet)
rElec   .          Harm     .    D - +1 cloak
rCorr   .          Rampage  .    a - +2 pair of gloves
Will    +....      Clarity  +    j - +1 pair of boots
Stlth   +.........               p - amulet of reflection
HPRegen 0.28/turn                I - +4 ring of protection
MPRegen 0.14/turn                g - +4 ring of slaying

@: glowing
A: sense surroundings 2, otherworldly, glowing, explore regen, iridescent scales
1, clarity, dopey 1, frail 1, screaming 1, strong 1, subdued magic 2
a: Renounce Religion


You were on level 11 of the Dungeon.
You worshipped Xom.
You were a favourite toy of Xom.
You visited 3 branches of the dungeon, and saw 17 of its levels.

You collected 797 gold pieces.
You spent 198 gold pieces at shops.

Inventory:

Hand Weapons
 k - a +3 vorpal eveningstar (weapon)
 y - a +1 demon whip of flaming
Armour
 a - a +2 pair of gloves (worn)
 j - a +1 pair of boots (worn)
 l - a +1 leather armour of poison resistance (worn)
 v - a +1 leather armour of fire resistance
 w - +0 acid dragon scales
 D - a +1 cloak (worn)
Jewellery
 g - a +4 ring of slaying (right hand)
 p - an amulet of reflection (around neck)
 I - a +4 ring of protection (left hand)
 J - a ring of protection from cold
 M - a ring of positive energy
Wands
 t - a wand of light (3)
 x - a wand of mindburst (10)
 H - a wand of flame (16)
 K - a wand of charming (11)
Scrolls
 b - 3 scrolls of magic mapping
 d - 4 scrolls of immolation
 i - 6 scrolls of teleportation
 m - 4 scrolls of poison
 q - 3 scrolls of vulnerability
Potions
 e - 2 potions of magic
 f - 2 potions of resistance
 h - 2 potions of berserk rage {unknown}
 n - 4 potions of flight
 o - 5 potions of mutation
 r - a potion of invisibility {unknown}
 s - a potion of lignification
 u - 2 potions of attraction
 F - 6 potions of haste
 L - 3 potions of brilliance
Miscellaneous
 c - a piece from Xom's chessboard (15/15) (quivered)


   Skills:
 + Level 12.2 Fighting
 + Level 14.3 Maces & Flails
 + Level 13.0 Armour
 + Level 12.8 Dodging
 * Level 13.7 Evocations


You had 13 spell levels left.
You didn't know any spells.
Your spell library contained the following spells:

 Spells                   Type           Power      Damage    Failure   Level
 Ensorcelled Hibernation  Hex/Ice        0%         N/A       45%         2
 Passwall                 Tmut/Erth      0%         N/A       45%         2
 Sublimation of Blood     Necr           0%         N/A       45%         2
 Wereblood                Tmut           0%         N/A       45%         2
 Gell's Gravitas          Tloc           0%         N/A       69%         3
 Lesser Beckoning         Tloc           0%         N/A       69%         3
 Portal Projectile        Hex/Tloc       0%         N/A       69%         3
 Swiftness                Air            0%         N/A       69%         3
 Teleport Other           Tloc           0%         N/A       69%         3
 Tukima's Dance           Hex            0%         N/A       69%         3
 Blade Hands              Tmut           0%         N/A       100%        5
 Summon Hydra             Summ           0%         N/A       100%        7


Dungeon Overview and Level Annotations

Branches:
Dungeon (11/15) Zot: 1708  Temple (1/1) D:4 Zot: 598    Lair (5/5) D:8 Zot: 149
  Snake (0/4) Lair:3
  Swamp: Lair:2-3    Shoals: Lair:2-3     Slime: Lair:4-5       Orc: D:9-12

Altars:
Dithmenos
Fedhas
Hepliaklqana
Kikubaaqudgha
Makhleb
Nemelex Xobeh
Qazlal
Sif Muna
Trog
Xom

Shops:
D:1 ![(?   D:7 *

Annotations:
D:3 3 runed translucent doors, BritishOli's ghost, amateur DsFi
Lair:1 Harold
Lair:3 2 transporters, jur's ghost, journeyman DEEE
Lair:5 1 runed translucent door


Innate Abilities, Weirdness & Mutations

You passively map the area around you.
You are easily found by Zot.
You glow in the dark.
You regain HP and MP as you explore.
You are partially covered in iridescent scales. (AC +2)
You possess an exceptional clarity of mind.
You are dopey. (Int -2)
You are frail. (-10% HP)
You occasionally shout uncontrollably at your foes.
Your muscles are strong. (Str +4, Int/Dex -1)
Your spells are easier to cast, but less powerful.


Message History

You can't go down here!
There is an open door here.
There is an escape hatch in the floor here.
There is a stone staircase leading down here.
You climb downwards.
Found a scroll of magic mapping.
There is a stone staircase leading up here.
Found a scroll of poison.
b - 3 scrolls of magic mapping (gained 1)
m - 4 scrolls of poison (gained 1)
Found a scroll of brand weapon.
z - a scroll of brand weapon
As you read the scroll of brand weapon, it crumbles to dust.
Your +3 eveningstar of venom emits a brilliant flash of light!
k - a +3 vorpal eveningstar (weapon)
A hornet comes into view.
The hornet buzzes angrily.
The hornet misses you.
You bludgeon the hornet!!
The hornet is almost dead.
The hornet completely misses you.
You bludgeon the hornet!!
You kill the hornet!
You see here a hornet corpse.
An orc comes into view. It is wielding a +0 whip.
The orc shouts!
You hear a shout! x2
An orc comes into view. It is wielding a +0 mace.
Found a stone staircase leading down.
The orc shouts!
An orc comes into view. It is wielding a +0 dagger.
An orc wizard comes into view.
It is wielding a +0 dagger and wearing a +2 robe of fire resistance.
Found 19 gold pieces.
The orc wizard gestures wildly while chanting.
The orc wizard flickers and vanishes!
Deactivating autopickup; reactivate with Ctrl-A.
Saving game... please wait.
Welcome back, Angani the Meteoran Chaos Knight.
Xom snickers.
Press ? for a list of commands and other information.
Are you sure you want to abandon this character and quit the game? (Confirm with "yes".)

*#..# ,
,#.P..########
...., *
#...........# ,
##+#........# **
, , , #.########
,,,* ,, ,#.# ,,
, #.# * , * * ,
#.# *#######.#
,,,.......@# * ,
..>.........$..*
......o........
,,
####.o#########
, #.. * * #.o ,
* #{. , .. ,,, ,
* , , ,


You could see 3 orcs.

Vanquished Creatures
  A hydra (Lair:3)
  A boulder beetle (Lair:3)
  3 two-headed ogres
  Erica (Lair:1)
  5 death yaks (Lair:4)
  Urug (Lair:2)
  Nergalle (Lair:2)
  Amaemon (D:9)
  2 lindwurms (Lair:5)
  15 elephants
  5 black mambas
  2 molten gargoyles (Lair:4)
  An orange demon (D:9)
  5 torpor snails (Lair:5)
  12 cane toads
  3 rime drakes
  4 komodo dragons
  A troll (D:10)
  5 tyrant leeches
  2 polar bears
  Prince Ribbit (D:7)
  9 hornets
  13 blink frogs
  A wyvern (Lair:3)
  A shadow (D:10)
  35 yaks
  3 basilisks
  2 steam dragons
  A swamp worm (Lair:2)
  An acid dragon (D:9)
  11 water moccasins
  An ice beast (D:8)
  2 sky beasts
  4 black bears
  3 wolves (Lair:3)
  2 phantoms (D:6)
  2 kobold brigands
  11 bullfrogs
  3 necrophages
  2 gnoll sergeants
  4 scorpions
  8 wights
  12 killer bees
  3 howler monkeys (D:9)
  2 electric eels (D:7)
  2 lava snakes (Lair:4)
  2 hounds
  2 orc priests
  A jelly (D:4)
  Crazy Yiuf (D:7)
  A gnoll bouda (D:6)
  3 iguanas
  A scorpion zombie (D:3)
  4 hell rats (Lair:3)
  A hound skeleton (D:3)
  11 gnolls
  5 adders
  A white imp (D:7)
  An ufetubus (D:6)
  2 worms (D:2)
  18 orcs
  A ball python (D:2)
  A bat (D:2)
  6 endoplasms
  A giant cockroach (D:4)
  6 goblins
  2 hobgoblins
  8 jackals
  3 quokkas
  3 frilled lizards
  9 kobolds
  3 rats
307 creatures vanquished.

Vanquished Creatures (collateral kills)
  A cane toad (Lair:1)
  A water moccasin (Lair:1)
2 creatures vanquished.

Vanquished Creatures (others)
  A human (D:7)
  A howler monkey (D:9)
  23 fungi
  59 plants
  A withered plant (D:3)
85 creatures vanquished.

Grand Total: 394 creatures vanquished

Notes
Turn   | Place    | Note
-------+----------+-------------------------------------------
     0 | D:1      | Angani the Meteoran Chaos Knight began the quest for the
                  | Orb.
     0 | D:1      | Reached XP level 1. HP: 19/19 MP: 2/2
    39 | D:1      | Found a faded altar of an unknown god.
    55 | D:1      | Found Atteut's Weapon Shop.
   112 | D:1      | Reached XP level 2. HP: 25/26 MP: 3/3
   113 | D:1      | Found Ophiasmi's Magic Scroll Shoppe.
   142 | D:1      | XOM: silly message
   213 | D:1      | Found Teyd's Armour Shop.
   370 | D:1      | Found Dirgh's Distillery.
   467 | D:2      | Reached XP level 3. HP: 30/31 MP: 4/4
   544 | D:2      | Found a hazy altar of Hepliaklqana.
   571 | D:2      | XOM: polymorph goblin -> jackal
   757 | D:2      | You fall into a shaft and drop 2 floors!
   757 | D:4      | Found a staircase to the Ecumenical Temple.
   771 | D:4      | Reached XP level 4. HP: 36/40 MP: 5/5
   840 | D:4      | XOM: divination: magic mapping
  1208 | D:3      | XOM: cloud trail
  1225 | D:3      | Found a runed translucent gate.
  1226 | D:3      | Identified the +8 sling "Ceidon" {vorpal, rCorr Str-5 Int-4
                  | SInv}
  1226 | D:3      | Identified the +1 chain mail of the Swan {Int+6}
  1226 | D:3      | Noticed BritishOli's ghost (amateur DsFi)
  1227 | D:3      | Found a runed translucent gate.
  1228 | D:3      | Found a runed translucent gate.
  1275 | D:3      | Reached XP level 5. HP: 40/46 MP: 6/6
  1312 | D:3      | XOM: 5-stop teleportation journey
  1363 | D:4      | Reached skill level 5 in Maces & Flails
  1413 | D:4      | XOM: give mutation
  1413 | D:4      | Gained mutation: Your spells are a little easier to cast,
                  | but a little less powerful. [Xom's mischief]
  1483 | D:4      | XOM: enchant monster (bad)
  1534 | D:4      | XOM: confusion (+ monsters)
  1630 | D:4      | XOM: give mutations
  1630 | D:4      | Gained mutation: Your spells are easier to cast, but less
                  | powerful. [Xom's mischief]
  1630 | D:4      | Gained mutation: You are dopey. (Int -2) [Xom's mischief]
  1637 | D:4      | XOM: blink monster(s)
  1644 | D:4      | Reached XP level 6. HP: 27/53 MP: 7/7
  1773 | Temple   | Entered the Ecumenical Temple
  1780 | D:4      | XOM: give mutations
  1780 | D:4      | Gained mutation: You are frail. (-10% HP) [Xom's mischief]
  1780 | D:4      | Gained mutation: You occasionally shout uncontrollably at
                  | your foes. [Xom's mischief]
  1827 | D:5      | Entered Level 5 of the Dungeon
  1838 | D:5      | Reached XP level 7. HP: 54/54 MP: 8/8
  1867 | D:5      | Noticed a water moccasin
  1880 | D:5      | Killed a water moccasin
  1881 | D:5      | Reached skill level 6 in Maces & Flails
  1883 | D:5      | Reached skill level 5 in Fighting
  1926 | D:5      | Reached skill level 5 in Armour
  2005 | D:5      | XOM: noise
  2007 | D:5      | XOM: noise
  2010 | D:5      | Reached XP level 8. HP: 58/62 MP: 9/9
  2036 | D:5      | XOM: swap monsters
  2103 | D:5      | Reached skill level 5 in Dodging
  2153 | D:5      | Reached skill level 7 in Maces & Flails
  2454 | D:6      | XOM: enchant monster (good)
  2465 | D:6      | Gained mutation: You passively map the area around you.
                  | [Meteoran growth]
  2465 | D:6      | Reached XP level 9. HP: 50/67 MP: 10/10
  2544 | D:6      | XOM: enchant monster (good)
  2563 | D:6      | Reached skill level 8 in Maces & Flails
  2670 | D:6      | XOM: cast spell 'Metabolic Englaciation'
  2793 | D:7      | Found Vazunugg's Assorted Antiques.
  2826 | D:7      | XOM: enchant monster (good)
  2910 | D:7      | XOM: blink monster(s)
  2931 | D:7      | Found a burning altar of Makhleb.
  2931 | D:7      | Noticed a blizzard demon
  2960 | D:7      | Noticed Prince Ribbit
  2961 | D:7      | XOM: potion effect (might)
  2971 | D:7      | Killed Prince Ribbit
  2972 | D:7      | Found an ancient bone altar of Kikubaaqudgha.
  3001 | D:7      | Found a runed translucent door.
  3002 | D:7      | Noticed Crazy Yiuf
  3008 | D:7      | Killed Crazy Yiuf
  3200 | D:7      | Bought a green potion for 15 gold pieces
  3200 | D:7      | Bought a scroll labelled VAETHI ERUTHRIPLU for 17 gold
                  | pieces
  3200 | D:7      | Bought 2 lumpy white potions for 30 gold pieces
  3200 | D:7      | Bought a shiny ivory wand for 68 gold pieces
  3200 | D:7      | Bought a forked bronze wand for 68 gold pieces
  3315 | D:8      | Reached skill level 9 in Maces & Flails
  3315 | D:8      | Reached XP level 10. HP: 49/77 MP: 11/11
  3318 | D:8      | XOM: blink monster(s)
  3478 | D:8      | XOM: divination: detect items
  3558 | D:8      | XOM: noise
  3705 | D:8      | Found a shadowy altar of Dithmenos.
  3801 | D:8      | XOM: silly message
  3846 | D:8      | Found a staircase to the Lair.
  3853 | Lair:1   | Entered Level 1 of the Lair of Beasts
  3853 | Lair:1   | Noticed a black mamba
  3859 | Lair:1   | Killed a black mamba
  3860 | Lair:1   | Reached skill level 10 in Maces & Flails
  3877 | Lair:1   | Noticed a cane toad
  3879 | Lair:1   | XOM: cast spell 'Statue Form'
  3881 | Lair:1   | Killed a cane toad
  3882 | Lair:1   | Reached skill level 1 in Evocations
  3937 | Lair:1   | Noticed Erica
  3939 | Lair:1   | XOM: confuse monster(s)
  3957 | Lair:1   | Killed Erica
  3968 | Lair:1   | Noticed a komodo dragon
  3968 | Lair:1   | XOM: cast spell 'Death Channel'
  3969 | Lair:1   | XOM: enchant monster (bad)
  3983 | Lair:1   | Killed a komodo dragon
  3984 | Lair:1   | Reached XP level 11. HP: 57/85 MP: 12/12
  4044 | Lair:1   | XOM: summons 9 friendly demons
  4076 | Lair:1   | Identified the +2 quarterstaff of the Hugging Gods {vorpal,
                  | rC+ Int+2 SInv Stlth+}
  4129 | Lair:1   | XOM: polymorph basilisk -> cane toad
  4140 | Lair:1   | Reached skill level 5 in Evocations
  4158 | Lair:1   | Noticed Harold
  4240 | Lair:1   | Reached skill level 11 in Maces & Flails
  4247 | Lair:1   | XOM: torment (35/87 hp)
  4359 | Lair:1   | Glimpsed the power of Zot.
  4361 | Lair:1   | XOM: scenery: 1 doors open, 1 doors close
  4411 | Lair:1   | Glimpsed the power of Zot.
  4433 | Lair:2   | XOM: noise
  4450 | Lair:2   | XOM: confusion
  4498 | Lair:2   | Noticed Nergalle
  4500 | Lair:2   | XOM: cleaving
  4502 | Lair:2   | XOM: enchant monster (good)
  4514 | Lair:2   | Killed Nergalle
  4515 | Lair:2   | Reached skill level 10 in Armour
  4546 | Lair:2   | XOM: cast spell 'Summon Cactus Giant'
  4670 | Lair:2   | Noticed Urug
  4670 | Lair:2   | XOM: divination: magic mapping
  4678 | Lair:2   | Killed Urug
  4687 | Lair:2   | Reached XP level 12. HP: 62/95 MP: 13/13
  4828 | Lair:2   | Reached skill level 10 in Dodging
  4849 | Lair:2   | XOM: divination: magic mapping
  4962 | Lair:3   | XOM: silly message
  4976 | Lair:3   | Noticed a six-headed hydra
  4983 | Lair:3   | Killed a six-headed hydra
  5018 | Lair:3   | XOM: silly message
  5038 | Lair:3   | Noticed a boulder beetle
  5055 | Lair:3   | XOM: potion effect (curing)
  5057 | Lair:3   | Killed a boulder beetle
  5058 | Lair:3   | Reached skill level 10 in Fighting
  5072 | Lair:3   | Reached skill level 12 in Maces & Flails
  5075 | Lair:3   | XOM: cleaving
  5077 | Lair:3   | XOM: fog
  5100 | Lair:3   | XOM: fog
  5109 | Lair:3   | XOM: polymorph yak -> yak
  5202 | Lair:3   | Reached XP level 13. HP: 91/102 MP: 14/14
  5248 | Lair:3   | XOM: smoke on damage
  5261 | Lair:3   | Found a stormy altar of Qazlal.
  5280 | Lair:3   | XOM: divination: detect items
  5293 | Lair:3   | Noticed a death yak
  5299 | Lair:3   | Found a transporter.
  5304 | Lair:3   | Noticed jur's ghost (journeyman DEEE)
  5304 | Lair:3   | Noticed a four-headed hydra
  5329 | Lair:3   | Found a staircase to the Snake Pit.
  5367 | Lair:3   | Found a transporter.
  5381 | Lair:4   | XOM: noise
  5385 | Lair:4   | XOM: silly message
  5391 | Lair:4   | XOM: swap monsters
  5398 | Lair:4   | Reached skill level 10 in Evocations
  5436 | Lair:3   | XOM: summons 3 hostile shadow creatures
  5592 | Lair:3   | XOM: silly message
  5597 | Lair:3   | XOM: blink monster(s)
  5610 | Lair:3   | XOM: confuse monster(s)
  5747 | Lair:4   | XOM: cloud trail
  5797 | Lair:4   | XOM: noise
  5815 | Lair:4   | XOM: 1-stop teleportation journey
  5919 | Lair:4   | Reached skill level 13 in Maces & Flails
  5958 | Lair:4   | XOM: noise
  6000 | Lair:4   | Noticed a death yak
  6000 | Lair:4   | Noticed a death yak
  6000 | Lair:4   | Noticed a death yak
  6001 | Lair:4   | Noticed a death yak
  6004 | Lair:4   | Killed a death yak
  6004 | Lair:4   | Noticed a death yak
  6007 | Lair:4   | Killed a death yak
  6009 | Lair:4   | Killed a death yak
  6011 | Lair:4   | Killed a death yak
  6015 | Lair:4   | Killed a death yak
  6076 | Lair:4   | XOM: noise
  6140 | Lair:5   | Entered Level 5 of the Lair of Beasts
  6221 | Lair:5   | XOM: potion effect (brilliance)
  6223 | Lair:5   | XOM: cast spell 'Summon Small Mammal'
  6249 | Lair:5   | XOM: divination: detect creatures
  6260 | Lair:5   | Reached XP level 14. HP: 87/111 MP: 15/15
  6288 | Lair:5   | XOM: scenery: create altars
  6307 | Lair:5   | Found a runed translucent door.
  6307 | Lair:5   | Noticed a fire dragon
  6395 | Lair:5   | XOM: divination: magic mapping
  6399 | Lair:5   | Paralysed by a hornet for 2 turns
  6618 | Lair:5   | Paralysed by a hornet for 1 turns
  6684 | Lair:5   | Reached skill level 14 in Maces & Flails
  6830 | D:9      | XOM: divination: detect items
  6965 | D:9      | XOM: cloud trail
  7024 | D:9      | XOM: smoke on damage
  7026 | D:9      | XOM: polymorph hornet -> sky beast
  7117 | D:9      | Noticed Amaemon
  7125 | D:9      | XOM: fog
  7127 | D:9      | Killed Amaemon
  7131 | D:9      | XOM: enchant monster (good)
  7186 | D:9      | XOM: give mutations
  7186 | D:9      | Gained mutation: You possess an exceptional clarity of
                  | mind. [Xom's grace]
  7186 | D:9      | Gained mutation: Your muscles are strong. (Str +4, Int/Dex
                  | -1) [Xom's grace]
  7186 | D:9      | Gained mutation: You are partially covered in iridescent
                  | scales. (AC +2) [Xom's grace]
  7203 | D:10     | Entered Level 10 of the Dungeon
  7256 | D:10     | XOM: 2-stop teleportation journey
  7681 | D:9      | XOM: cleaving
  7830 | D:11     | Upgraded the game from 0.30-a0-5-g3a90980b9d to
                  | 0.30-a0-134-gb40fab5c76
  7830 | D:11     | Quit the game

Illustrated notes

Levels and vault maps discovered:
D:1:      evilmike_arrival_fibonacci_small, layout_basic,
          chequers_ecumenical_altar_simple, serial_shops, shop_statue,
          nicolae_shop_temple_entry_statues_fountains, shop,
          nicolae_lakefront_shop, nicolae_shop_bloodbath_and_beyond
D:2:      layout_basic, basic_altar, st_stairs_1
D:3:      layout_basic, biasface_ghost_orc_armoury, serial_undead,
          serial_undead_b, serial_undead_a, serial_undead_e, serial_undead_d,
          serial_undead_b
D:4:      cheibrodos_greedy_goblins, layout_loops_corners,
          minmay_temple_entry_sparse_star
D:5:      layout_loops_corners
D:6:      layout_rooms, corexii_item_surrounded_by_moat
D:7:      layout_cave_pools, tgw_kikubaaqudgha, makhleb_altar_promises_db,
          serial_shops, nicolae_take_the_stairs, serial_bayou_ford_a,
          uniq_prince_ribbit1, uniq_crazy_yiuf_cottage
D:8:      layout_loops_corners, lemuel_doored_altar, dpeg_oklobed_lair
D:9:      layout_roguey, uniq_amaemon
D:10:     layout_gridville
D:11:     layout_small_grid, erik_orc_2, eino_house_with_fridge
Temple:   compressed_dpeg_triangle_lava_temple
Lair:1:   layout_roguey, nzn_random_ring, uniq_harold, uniq_erica
Lair:2:   layout_cellular_growth, minmay_swamp_entry_worms, uniq_nergalle,
          uniq_urug
Lair:3:   layout_gridlike, guppyfry_snake_entry_garden, basic_altar,
          gammafunk_ghost_berserking_beasts
Lair:4:   cheibrodos_magma_flow, layout_regular_city
Lair:5:   wormcave, layout_gridlike, hangedman_lair_caniforms_friends,
          nicolae_slime_entry_slimehenge, nicolae_lair_grazing_beasts
          [nicolae_sub_lair_graze_edge, nicolae_sub_lair_graze_edge,
          nicolae_sub_lair_graze_edge, nicolae_sub_lair_graze_edge]

Skill      XL: |  1  2  3  4  5  6  7  8  9 10 11 12 13 14 |
---------------+-------------------------------------------+-----
Armour         | 3 4 5 6 7 9 10 11 12 13 | 13.0
Dodging        | 2 3 4 5 7 8 9 10 12 | 12.8
Fighting       | 4 5 6 7 8 9 10 11 12 | 12.2
Maces & Flails | 5 6 7 9 10 11 12 13 14 | 14.3
Evocations     | 3 7 9 12 13 | 13.7

Action                   |  1- 3 |  4- 6 |  7- 9 | 10-12 | 13-15 || total
-------------------------+-------+-------+-------+-------+-------++-------
Melee: Mace              |    72 |    70 |   232 |       |       ||   374
       Punch             |       |     1 |     1 |     4 |     6 ||    12
       Dire flail        |       |       |    31 |   220 |       ||   251
       Eveningstar       |       |       |       |   158 |   497 ||   655
Evoke: Wand              |       |       |     7 |    18 |     9 ||    34
       Piece from Xom's  |       |       |       |     7 |       ||     7
  Use: Scroll            |     4 |     2 |     1 |     6 |    14 ||    27
       Potion            |       |       |     2 |     9 |     5 ||    16
 Stab: Petrifying        |       |       |     2 |     1 |       ||     3
       Petrified         |       |       |       |    15 |       ||    15
       Invisible         |       |       |       |     3 |       ||     3
       Confused          |       |       |       |       |     3 ||     3
Armor: Leather armour    |    39 |    23 |    73 |    79 |   190 ||   404
       Skin              |       |       |       |    28 |       ||    28
Dodge: Dodged            |    28 |    26 |   134 |   177 |   326 ||   691
Block: Other             |       |    10 |    54 |    43 |   119 ||   226
       Reflection        |       |       |       |     1 |       ||     1

Table legend: (Time is in decaauts)
 A = Elapsed time spent in this place.
 B = Non-inter-level travel time spent in this place.
 C = Inter-level travel time spent in this place.
 D = Time resting spent in this place.
 E = Time spent auto-exploring this place.
 F = Levels seen in this place.
 G = Mean time per level.
                   A        B        C        D        E       F      G
               +--------+--------+--------+--------+--------+-----+--------+
         Total |   7743 |   7165 |    578 |      0 |      0 |  17 |  455.5 |
       Dungeon |   4891 |   4520 |    371 |      0 |      0 |  11 |  444.6 |
        Temple |      1 |      1 |      0 |      0 |      0 |   1 |    1.0 |
          Lair |   2850 |   2643 |    207 |      0 |      0 |   5 |  570.0 |
               +--------+--------+--------+--------+--------+-----+--------+

Top non-repeatable levels by time:
     D:8: 678 daAuts
  Lair:3: 619 daAuts
  Lair:1: 593 daAuts
  Lair:4: 592 daAuts
     D:4: 573 daAuts
     D:6: 554 daAuts
  Lair:5: 533 daAuts
    D:10: 516 daAuts
  Lair:2: 511 daAuts
     D:1: 446 daAuts
     D:2: 433 daAuts
     D:5: 414 daAuts
     D:7: 405 daAuts
     D:3: 394 daAuts
     D:9: 394 daAuts
